 Dungeon Crawl Stone Soup version 0.30-a0-222-ge547ba4400 (webtiles) character file.

Game seed: 14344760994717524609

67 Aibolit the Chopper (level 4, 0/41 HPs)
             Began as a Hill Orc Berserker on Oct 8, 2022.
             Was an Initiate of Ashenzari.
             Slain by a gnoll
             ... wielding a +0 flail
              (3 damage)
             ... on level 3 of the Dungeon.
             The game lasted 00:03:15 (1752 turns).

Aibolit the Chopper (Hill Orc Berserker)            Turns: 1752, Time: 00:03:15

Health: 0/41       AC: 10    Str: 21    XL:     4   Next: 18%
Magic:  4/4        EV:  8    Int:  7    God:    Ashenzari [......]
Gold:   113        SH:  0    Dex: 10    Spells: 3/3 levels left

rFire   . . .      SeeInvis .    a - +0 hand axe
rCold   . . .      Faith    .    (no shield)
rNeg    . . .      Spirit   .    k - +0 chain mail
rPois   .          Reflect  .    (no helmet)
rElec   .          Harm     .    l - +0 cloak
rCorr   .          Rampage  .    (no gloves)
Will    .....                    (no boots)
Stlth   ..........               f - amulet of regeneration
HPRegen 1.06/turn                (no ring)
MPRegen 0.09/turn                (no ring)

@: no status effects
A: no striking features
a: Renounce Religion, Curse Item


You were on level 3 of the Dungeon.
You worshipped Ashenzari.
Ashenzari was noncommittal.
You visited 1 branch of the dungeon, and saw 3 of its levels.

You collected 113 gold pieces.

Inventory:

Hand Weapons
 a - a +0 hand axe (weapon)
Armour
 k - a +0 chain mail (worn)
 l - a +0 cloak (worn)
Jewellery
 f - an amulet of regeneration (around neck)
Wands
 p - a wand of flame (18)
Scrolls
 c - a scroll of butterflies {unknown}
 d - a scroll of teleportation {unknown}
 g - 3 scrolls of identify {unknown}
 h - a scroll of immolation
 i - a scroll of brand weapon {unknown}
 m - 2 scrolls of noise {unknown}
 n - a scroll of poison {unknown}
 q - a scroll of enchant weapon {unknown}
 r - a scroll of fear {unknown}
 s - a scroll of torment {unknown}
Potions
 b - a potion of haste {unknown}
 e - a potion of curing {unknown}
 j - 2 potions of heal wounds {unknown}
 o - a potion of magic {unknown}


   Skills:
 + Level 4.4 Fighting
 + Level 5.1 Axes
 + Level 2.5 Armour
 + Level 2.0 Dodging


You had 3 spell levels left.
You didn't know any spells.
Your spell library contained the following spells:

 Spells                   Type           Power      Damage    Failure   Level
 Tukima's Dance           Hex            0%         N/A       100%        3
 Passage of Golubria      Tloc           0%         N/A       100%        4
 Yara's Violent Unravell  Hex/Tmut       0%         3d3       100%        5


Dungeon Overview and Level Annotations

Branches:
Dungeon (3/15)

Altars:
Ashenzari
Dithmenos
Vehumet


Message History

You are too injured to fight recklessly!
You feel sick.
You are too injured to fight recklessly!
You are too injured to fight recklessly!
You are too injured to fight recklessly!
You are too injured to fight recklessly!
You are too injured to fight recklessly!
You are too injured to fight recklessly!
You hit the gnoll.
The gnoll is lightly wounded.
You feel sick.
The gnoll hits you from afar with a +0 spear.
The gnoll barely misses you.
You hit the gnoll.
The gnoll is moderately wounded.
You feel sick. The gnoll closely misses you. The gnoll barely misses you.
You hit the gnoll.
The gnoll is heavily wounded.
You feel sick. The gnoll hits you with a +0 flail.
* * * LOW HITPOINT WARNING * * *
The gnoll hits you from afar with a +0 spear.
* * * LOW HITPOINT WARNING * * *
You hit the gnoll.
The gnoll is severely wounded.
You feel sick.
The gnoll hits you from afar with a +0 spear.
* * * LOW HITPOINT WARNING * * *
The gnoll hits you with a +0 flail.
* * * LOW HITPOINT WARNING * * *
You barely miss the gnoll.
The gnoll is severely wounded.
You feel sick.
You are no longer poisoned.
The gnoll hits you with a +0 flail.
* * * LOW HITPOINT WARNING * * *
The gnoll hits you but does no damage.
You barely miss the gnoll.
The gnoll is severely wounded.
The gnoll hits you with a +0 flail.
You die...

#.. ####....#......#
#.. #....#...#... #...
##.##.....#### #...
###..#⌠.##+#..⌠# #....
#....#.........#
#....###..#.##........#
#....g)#.#...#.......#.
#g#.#...)..._...+.
#@..#...#.......#.
#.....##.##.##.......##
#..... #....#.........#
..._8_.
###..#⌠.##'##.⌠#
....... ##.####...###.
......^ #....#)......
......# ###..#...#...
...... #...#.+.....
######.#........#


You could see 2 gnolls.

Vanquished Creatures
  2 adders
  A gnoll (D:3)
  A dart slug (D:2)
  An orc (D:3)
  A bat (D:1)
  3 giant cockroaches
  2 goblins
  3 hobgoblins (D:1)
  2 jackals (D:3)
  2 quokkas (D:2)
  5 ball pythons
  A frilled lizard (D:2)
  4 kobolds
  7 rats
35 creatures vanquished.

Notes
Turn   | Place    | Note
-------+----------+-------------------------------------------
     0 | D:1      | Aibolit the Hill Orc Berserker began the quest for the Orb.
     0 | D:1      | Reached XP level 1. HP: 19/19 MP: 1/1
   320 | D:1      | Found a faded altar of an unknown god.
   341 | D:1      | Reached XP level 2. HP: 26/27 MP: 2/2
   354 | D:1      | Prayed at the altar of an unknown god.
   354 | D:1      | Fell from the grace of Trog
   354 | D:1      | Became a worshipper of Ashenzari the Shackled
   786 | D:2      | Reached XP level 3. HP: 33/33 MP: 3/3
  1645 | D:3      | Reached skill level 5 in Axes
  1670 | D:3      | Found a broken altar of Ashenzari.
  1740 | D:3      | Found a radiant altar of Vehumet.
  1741 | D:3      | Found a shadowy altar of Dithmenos.
  1745 | D:3      | Reached XP level 4. HP: 22/41 MP: 4/4
  1751 | D:3      | HP: 2/41 [gnoll/+0 flail (1)]
  1752 | D:3      | Slain by a gnoll

Illustrated notes

Levels and vault maps discovered:
D:1:      eino_arrival_cavern_d, layout_basic,
          hellmonk_ecumenical_altar_blasted, minmay_fountain_box,
          minmay_misc_feat_secret_circle, minmay_tromino_v4_c
D:2:      layout_basic
D:3:      layout_basic, evilmike_ruin_ashenzari,
          chequers_temple_overflow_statue_of_worship, serial_shops,
          shop_fountains, ebering_ghost_sewer_f, minmay_between

Skill      XL: |  1  2  3 |
---------------+----------+-----
Fighting       | 4 |  4.4
Dodging        | 2 |  2.0
Axes           | 5 |  5.1
Armour         | |  2.5

Action                   |  1- 3 |  4- 6 || total
-------------------------+-------+-------++-------
Melee: Hand axe          |   119 |     7 ||   126
       Punch             |     1 |       ||     1
Armor: Animal skin       |     7 |       ||     7
       Chain mail        |    38 |     1 ||    39
Dodge: Dodged            |    46 |     3 ||    49

Table legend: (Time is in decaauts)
 A = Elapsed time spent in this place.
 B = Non-inter-level travel time spent in this place.
 C = Inter-level travel time spent in this place.
 D = Time resting spent in this place.
 E = Time spent auto-exploring this place.
 F = Levels seen in this place.
 G = Mean time per level.
                   A        B        C        D        E       F      G
               +--------+--------+--------+--------+--------+-----+--------+
         Total |   1761 |   1674 |     87 |      8 |   1358 |   3 |  587.0 |
       Dungeon |   1761 |   1674 |     87 |      8 |   1358 |   3 |  587.0 |
               +--------+--------+--------+--------+--------+-----+--------+

Top non-repeatable levels by time:
     D:2: 844 daAuts
     D:1: 740 daAuts
     D:3: 176 daAuts
